 Dungeon Crawl Stone Soup version 0.28-a0-683-ga8797d1ae1 (webtiles) character file.

Game seed: 5166625014866056013

192751 Zenkrye the Blocker (level 16, -18/139 HPs)
             Began as a Demigod Conjurer on Oct 18, 2021.
             Shot with an arrow by a centaur warrior (29 damage)
             ... on level 1 of the Vaults.
             The game lasted 02:43:50 (36533 turns).

Zenkrye the Blocker (Demigod Conjurer)             Turns: 36533, Time: 02:43:51

Health: -18/139    AC: 13    Str:  8    XL:     16   Next: 71%
Magic:  12/44      EV: 15    Int: 40    God:
Gold:   9          SH: 14    Dex: 12    Spells: 5/35 levels left

rFire   + . .      SeeInvis .   m - +2 demon trident (venom)
rCold   . . .      Faith    .   l - +2 kite shield
rNeg    . . .      Spirit   .   D - +1 troll leather armour
rPois   +          Reflect  .   R - +1 helmet "Tieduh" {rPois}
rElec   .          Harm     .   y - +0 cloak
rCorr   .          Rampage  .   X - +1 pair of gloves
Will    +....                   S - +2 pair of boots
Stlth   ++........              M - amulet of regeneration
HPRegen 2.33/turn               G - ring of protection from fire
MPRegen 0.29/turn               x - ring of magical power

@: very slightly contaminated, unable to read
A: high mp 1, forlorn, inability to read while threatened
}: 2/15 runes: serpentine, barnacled
a: no special abilities


You were on level 1 of the Vaults.
You visited 6 branches of the dungeon, and saw 31 of its levels.
You visited 1 bazaar.

You collected 2557 gold pieces.
You spent 2548 gold pieces at shops.

Inventory:

Hand Weapons
 m - a +2 demon trident of venom (weapon)
 Y - a +6 fustibalus of freezing
Missiles
 k - 131 sling bullets
 Z - 8 throwing nets (quivered) {!f}
Armour
 l - a +2 kite shield (worn)
 y - a +0 cloak (worn)
 D - a +1 troll leather armour (worn)
 R - the +1 helmet "Tieduh" (worn) {rPois}
   (You bought it in a shop on level 2 of the Orcish Mines)

   rPois:     It protects you from poison.
 S - a +2 pair of boots (worn)
 X - a +1 pair of gloves (worn)
Magical Staves
 b - a staff of earth
 e - a staff of conjuration
 q - a staff of cold
 z - a staff of fire
 U - a staff of air
Jewellery
 c - a ring of protection from cold
 f - a ring of fire
 p - a +4 ring of protection
 r - a ring of resist corrosion
 t - the ring "Vifial" {AC+4 Str+7}
   (You took it off a skeletal warrior on level 13 of the Dungeon)

   [ring of protection]

   AC:        It affects your AC (+4).
   Str:       It affects your strength (+7).
 v - the ring of Melee {rPois rF+ rC- rN+ Dex+3 Stlth+}
   (You acquired it on level 6 of the Dungeon)

   [ring of positive energy]

   Dex:       It affects your dexterity (+3).
   rF:        It protects you from fire.
   rC:        It makes you vulnerable to cold.
   rPois:     It protects you from poison.
   rN:        It protects you from negative energy.
   Stlth:     It makes you more stealthy.
 x - a ring of magical power (right hand)
 G - a ring of protection from fire (left hand)
 H - the ring "Lamuttal" {Ice +Blink rN++ Dex-2}
   (You found it on level 1 of the Lair of Beasts)

   [ring of ice]

   It enhances your ice magic.
   Dex:       It affects your dexterity (-2).
   rF:        It makes you vulnerable to fire.
   rC:        It protects you from cold.
   rN:        It greatly protects you from negative energy.
   +Blink:    It lets you blink.
 M - an amulet of regeneration (around neck)
Wands
 g - a wand of mindburst (11)
 j - a wand of iceblast (46) {@v4}
 E - a wand of acid (2) {@v2}
 K - a wand of paralysis (6)
 L - a wand of flame (72)
 P - a wand of digging (15) {@v1}
Scrolls
 a - 3 scrolls of amnesia
 i - 5 scrolls of identify {@r1}
 u - 11 scrolls of teleportation {@r3}
 w - 3 scrolls of holy word
 C - 3 scrolls of summoning
 I - 2 scrolls of enchant armour
 J - 3 scrolls of fear
 N - a scroll of fog
 T - a scroll of silence
 V - 2 scrolls of immolation
 W - a scroll of blinking {@r4}
Potions
 d - 5 potions of brilliance
 h - 8 potions of curing {@q1}
 n - 2 potions of might {@q4}
 o - 4 potions of magic
 s - 3 potions of flight
 A - 2 potions of mutation
 F - a potion of resistance {@q6}
 Q - 2 potions of haste {@q3}
Miscellaneous
 O - a lightning rod (1/4)


   Skills:
 + Level 12.2 Fighting
 + Level 12.3 Dodging
 - Level 1.7 Stealth
 + Level 13.0 Shields
 - Level 10.0 Spellcasting
 + Level 12.5 Conjurations
 - Level 3.0 Hexes
 - Level 3.0 Translocations
 + Level 8.1 Transmutations
 - Level 5.0 Fire Magic
 + Level 8.2 Earth Magic


You had 5 spell levels left.
You knew the following spells:

 Your Spells              Type           Power      Damage    Failure   Level
a - Irradiate             Conj/Tmut      40%        3d26      1%          5
b - Searing Ray           Conj           100%       2d8       1%          2
c - Fulminant Prism       Conj/Hex       35%        3d18      1%          4
d - Starburst             Conj/Fire      37%        6d11      14%         6
e - Stone Arrow           Conj/Erth      100%       3d13      1%          3
f - Statue Form           Tmut/Erth      47%        N/A       17%         6
q - Iskenderun's Mystic   Conj/Tloc      70%        2d14      1%          4

Your spell library contained the following spells:

 Spells                   Type           Power      Damage    Failure   Level
 Magic Dart               Conj           100%       1d8       1%          1
 Blink                    Tloc           N/A        N/A       1%          2
 Slow                     Hex            44%        N/A       1%          2
 Conjure Flame            Conj/Fire      74%        6-21      1%          3
 Dazzling Flash           Conj/Hex       100%       N/A       1%          3
 Ignite Poison            Fire/Tmut/Pois 53%        N/A       1%          3
 Mephitic Cloud           Conj/Pois/Air  52%        N/A       1%          3
 Petrify                  Tmut/Erth      71%        N/A       1%          4
 Sticky Flame             Conj/Fire      74%        2d9       1%          4
 Confusing Touch          Hex            44%        N/A       2%          3
 Gell's Gravitas          Tloc           22%        N/A       2%          3
 Lesser Beckoning         Tloc           44%        N/A       2%          3
 Teleport Other           Tloc           44%        N/A       2%          3
 Animate Skeleton         Necr           40%        N/A       3%          1
 Pain                     Necr           80%        1d8       3%          1
 Summon Small Mammal      Summ           80%        N/A       3%          1
 Leda's Liquefaction      Hex/Erth       29%        N/A       3%          4
 Lee's Rapid Deconstruct  Erth           35%        3d19*     3%          5
 Corpse Rot               Necr/Air       40%        N/A       4%          2
 Sublimation of Blood     Necr           10%        N/A       4%          2
 Summon Guardian Golem    Hex/Summ       32%        N/A       5%          3
 Animate Armour           Summ/Erth      100%       N/A       6%          4
 Yara's Violent Unravell  Hex/Tmut       29%        3d12      9%          5
 Call Canine Familiar     Summ           20%        N/A       10%         3
 Vampiric Draining        Necr           10%        2d7       10%         3
 Freezing Cloud           Conj/Ice/Air   26%        6-21      16%         5
 Manifold Assault         Tloc           44%        N/A       26%         5
 Dispel Undead            Necr           20%        3d11      32%         4
 Dispersal                Tloc           22%        N/A       82%         6
 Lehudib's Crystal Spear  Conj/Erth      40%        10d10     97%         8
 Death Channel            Necr           10%        N/A       99%         6


Dungeon Overview and Level Annotations

Branches:
Dungeon (15/15)            Temple (0/1) D:5            Lair (5/6) D:10
 Shoals (4/4) Lair:4        Snake (4/4) Lair:4          Orc (2/2) D:9
    Elf (0/3) Orc:2        Vaults (1/5) D:14         Depths (0/4) D:15
  Slime: Lair:5-6

Shops:
D:2 (   D:4 *   D:9 [   Orc:2 *[?:(   Shoals:1 :   Snake:1 **

Annotations:
D:8 2 runed translucent doors
D:12 Frances
Lair:2 2 transporters, Rupert
Snake:4 Vashnia


Innate Abilities, Weirdness & Mutations

Your attributes grow dramatically as you level up.
You have an increased reservoir of magic. (+10% MP)
You shall have no god before yourself.
You sometimes lose the ability to read scrolls when taking damage.


Message History

You puncture the centaur warrior!
The centaur warrior looks as sick as possible!
The centaur warrior is moderately wounded.
The centaur warrior hits you but does no damage.
You block the centaur warrior's attack.
The stone giant hits you but does no damage.
The centaur warrior barely misses you. The centaur warrior kicks you.
The stone giant hits you!!
* * * LOW HITPOINT WARNING * * *
You hear a shout!
You feel much better. The centaur warrior hits you.
* * * LOW HITPOINT WARNING * * *
You block the centaur warrior's attack. The stone giant hits you!
* * * LOW HITPOINT WARNING * * *
Casting: Fulminant Prism (mildly dangerous; 1% risk of failure)
Confirm with . or Enter, or press ? or * to list all spells.
You erupt in a fountain of uncontrolled magic!
The centaur warrior is blasted with magical radiation!!!
You kill the centaur warrior!
The stone giant is blasted with magical radiation!
The stone giant is severely wounded.
The stone giant twists and deforms.
You are very lightly contaminated with residual magic.
You block the stone giant's attack.
Unknown command.
You hit the stone giant but do no damage.
The stone giant looks as sick as possible!
The stone giant is almost dead.
The stone giant hits you!!
* * * LOW HITPOINT WARNING * * *
Okay, then.
Unknown command.
Casting: Irradiate (mildly dangerous; 1% risk of failure)
Confirm with . or Enter, or press ? or * to list all spells.
You erupt in a fountain of uncontrolled magic!
The stone giant is blasted with magical radiation!!
You kill the stone giant!
The centaur warrior wields a +0 longbow.
The centaur warrior shoots an arrow.
The arrow hits you!!
You die...

#.....# #.....#
#.....## +#
#.....#.## .#
#.....#..## ..+
#.....##..##+#..#
#.....##.*'c..#
#.....##..c)..#
#....@##†.##+#..#
#....)(cp## .+
#.....#c## #
#.....### #.....#
#.....# ....(..#
........#
........#


You could see an ironbound preserver, a yaktaur captain and a centaur warrior.

Vanquished Creatures
  Agnes (D:14)
  Gastronok (Lair:1)
  12 nagarajas
  Aizul (Shoals:1)
  An orc warlord (Orc:2)
  An ironbound preserver (Vaults:1)
  2 stone giants
  An entropy weaver (Vaults:1)
  3 dire elephants (Vaults:1)
  2 merfolk javelineers (Shoals:4)
  6 merfolk impalers
  A yaktaur captain (Vaults:1)
  2 vault guards (D:14)
  Josephine (D:12)
  3 salamander tyrants
  A boulder beetle (D:11)
  Fannar (Lair:2)
  A merfolk avatar (Shoals:3)
  11 naga warriors
  5 hydras
  A death knight (D:12)
  A satyr (Shoals:4)
  A merfolk aquamancer (Shoals:3)
  5 centaur warriors
  A catoblepas (D:15)
  9 anacondas
  3 two-headed ogres
  7 naga sharpshooters
  10 death yaks
  4 tengu warriors (D:15)
  2 shock serpents
  3 orc high priests (Orc:2)
  Sonja (Orc:2)
  3 skeletal warriors (D:13)
  Nergalle (Lair:3)
  4 salamander mystics
  4 sea snakes (Shoals:3)
  5 naga ritualists
  An ironbound convoker (Vaults:1)
  A lindwurm (Vaults:1)
  A harpy (Shoals:4)
  3 orc knights
  3 mana vipers
  A necromancer (D:14)
  4 deep elf pyromancers
  4 orc sorcerers
  7 ugly things
  3 manticores
  20 salamanders
  5 cyclopes
  12 elephants
  A vault sentinel (Vaults:1)
  30 black mambas
  8 water nymphs
  11 guardian serpents
  15 naga magi
  4 molten gargoyles (D:13)
  2 gargoyles
  10 cane toads
  An unseen horror (D:10)
  A freezing wraith (D:12)
  A kobold demonologist (D:11)
  5 rime drakes
  4 komodo dragons
  An efreet (D:13)
  A polar bear (Lair:3)
  13 merfolk
  10 trolls
  A polar bear (shapeshifter) (D:14)
  A hornet (D:10)
  7 blink frogs
  2 wind drakes
  5 slime creatures
  3 snapping turtles (Shoals:3)
  7 dream sheep
  Sigmund (D:5)
  11 wraiths
  A water elemental (Shoals:3)
  2 shadows (D:13)
  A wyvern (Lair:4)
  2 vampires
  9 yaks
  Grum (D:10)
  6 basilisks
  Eustachio (D:5)
  A steam dragon (D:8)
  8 vampire mosquitoes
  22 humans (D:14)
  4 wargs
  10 water moccasins
  33 nagas
  An acid dragon (D:12)
  30 orc warriors
  An ice beast (D:7)
  2 black bears
  2 necrophages
  19 wolves
  5 ogres
  14 centaurs
  A kobold brigand (D:10)
  3 scorpions
  14 bullfrogs
  A gnoll sergeant (D:6)
  A wyvern skeleton (D:7)
  A water moccasin skeleton (D:5)
  12 killer bees
  5 wights (D:7)
  An electric eel (D:7)
  A bullfrog zombie (D:5)
  The ghost of gregwegmann the Firebug, a weakling DEFE (D:3)
  2 jellies
  4 centaur zombies
  A centaur skeleton (D:6)
  11 orc priests
  A gnoll shaman (D:5)
  A bullfrog skeleton (D:6)
  Terence (D:2)
  5 iguanas
  18 orc wizards
  7 hell rats (Lair:4)
  A killer bee zombie (D:7)
  2 hound skeletons
  A mummy (D:5)
  2 howler monkey zombies
  12 adders
  9 gnolls
  A shadow imp (D:6)
  2 adder skeletons (D:4)
  A worm (D:2)
  A dart slug (D:1)
  51 orcs
  3 ball pythons
  5 endoplasms
  6 giant cockroaches
  5 goblins
  8 hobgoblins
  3 jackals (D:3)
  6 quokkas
  5 bats
  6 frilled lizards
  2 hobgoblin zombies (D:5)
  A jackal skeleton (D:4)
  12 kobolds
  2 orc zombies (D:5)
  4 rats
  A fulminant prism (Snake:4)
762 creatures vanquished.

Vanquished Creatures (others)
  An orc wizard (D:3)
  438 fulminant prisms
  36 fungi
  130 plants
  12 withered plants (D:2)
617 creatures vanquished.

Grand Total: 1379 creatures vanquished

Notes
Turn   | Place    | Note
-------+----------+-------------------------------------------
     0 | D:1      | Zenkrye the Demigod Conjurer began the quest for the Orb.
     0 | D:1      | Reached XP level 1. HP: 14/14 MP: 5/5
   388 | D:1      | Reached XP level 2. HP: 20/20 MP: 0/7
   763 | D:1      | Learned a level 2 spell: Searing Ray
   789 | D:2      | Noticed Terence
   796 | D:2      | Killed Terence
   797 | D:2      | Reached XP level 3. HP: 14/26 MP: 0/9
   797 | D:2      | Found Tod Saso's Weapon Shop.
  1586 | D:2      | Reached XP level 4. HP: 33/33 MP: 7/11
  1636 | D:2      | Learned a level 4 spell: Iskenderun's Mystic Blast
  2576 | D:3      | Found a large runed translucent door.
  2576 | D:3      | Found a large runed translucent door.
  2578 | D:3      | Noticed gregwegmann's ghost (weakling DEFE)
  2756 | D:3      | Reached skill level 1 in Translocations
  2757 | D:3      | Reached XP level 5. HP: 38/38 MP: 13/13
  3414 | D:4      | Reached skill level 5 in Conjurations
  3526 | D:4      | Found Zyafyqu's General Store.
  3565 | D:4      | Reached XP level 6. HP: 42/45 MP: 14/14
  4120 | D:5      | Entered Level 5 of the Dungeon
  4628 | D:5      | Reached skill level 1 in Shields
  4636 | D:5      | Noticed Sigmund
  4645 | D:5      | Reached XP level 7. HP: 43/50 MP: 13/16
  4645 | D:5      | Killed Sigmund
  4646 | D:5      | Reached skill level 2 in Shields
  4783 | D:5      | Noticed Eustachio
  4919 | D:5      | Found a staircase to the Ecumenical Temple.
  4974 | D:5      | Killed Eustachio
  5128 | D:5      | Reached skill level 3 in Shields
  5128 | D:5      | Reached skill level 5 in Spellcasting
  5422 | D:5      | Reached XP level 8. HP: 38/57 MP: 19/19
  5525 | D:5      | Learned a level 4 spell: Fulminant Prism
  5865 | D:3      | Killed gregwegmann's ghost
  5962 | D:6      | Reached skill level 1 in Hexes
  5971 | D:6      | Reached skill level 4 in Shields
  6758 | D:6      | Identified a scroll of acquirement
  6758 | D:6      | Acquired the ring of Melee {rPois rF+ rC- rN+ Dex+3 Stlth+}
  7346 | D:7      | Reached skill level 1 in Fighting
  7346 | D:7      | Reached skill level 5 in Shields
  7387 | D:7      | Reached XP level 9. HP: 64/64 MP: 20/20
  8261 | D:8      | Noticed a boulder beetle
  8486 | D:9      | Noticed a two-headed ogre
  8493 | D:9      | Killed a two-headed ogre
  8495 | D:9      | Noticed a cyclops
  8640 | D:9      | Noticed a two-headed ogre
  8807 | D:8      | Found a large runed translucent door.
  8808 | D:8      | Found a large runed translucent door.
  8899 | D:9      | Killed a cyclops
  8900 | D:9      | Reached skill level 6 in Shields
  8900 | D:9      | Reached XP level 10. HP: 70/78 MP: 15/23
  8907 | D:9      | Killed a two-headed ogre
  9073 | D:9      | Found Ychin's Armour Emporium.
  9073 | D:9      | Found a staircase to the Orcish Mines.
  9589 | D:10     | Entered Level 10 of the Dungeon
  9908 | D:10     | Reached skill level 5 in Dodging
 10048 | D:9      | Bought a +0 pair of boots for 45 gold pieces
 10048 | D:9      | Bought a +2 helmet for 165 gold pieces
 10048 | D:9      | Bought a +0 pair of gloves for 45 gold pieces
 10497 | D:10     | Found a staircase to the Lair.
 10588 | D:10     | Noticed Grum
 10599 | D:10     | Killed Grum
 11107 | D:10     | Learned a level 5 spell: Irradiate
 11111 | Lair:1   | Entered Level 1 of the Lair of Beasts
 11118 | Lair:1   | Reached skill level 5 in Fighting
 11190 | Lair:1   | Reached skill level 7 in Shields
 11312 | Lair:1   | Reached skill level 1 in Transmutations
 11341 | Lair:1   | Noticed a black mamba
 11396 | Lair:1   | Killed a black mamba
 11397 | Lair:1   | Reached XP level 11. HP: 88/88 MP: 21/25
 12144 | Lair:1   | Identified the ring "Lamuttal" {Ice +Blink rN++ Dex-2}
 12212 | Lair:1   | Noticed Gastronok
 12654 | Lair:1   | Killed Gastronok
 13003 | Lair:2   | Noticed a death yak
 13005 | Lair:2   | Noticed a death yak
 13005 | Lair:2   | Noticed a death yak
 13006 | Lair:2   | Noticed a death yak
 13006 | Lair:2   | Noticed a death yak
 13034 | Lair:2   | Killed a death yak
 13041 | Lair:1   | Killed a death yak
 13291 | Lair:2   | Found a transporter.
 13326 | Lair:2   | Noticed Fannar
 13339 | Lair:2   | Killed Fannar
 13340 | Lair:2   | Reached skill level 8 in Shields
 13487 | Lair:2   | Found a transporter.
 13487 | Lair:2   | Noticed a fire crab
 13596 | Lair:2   | Killed a death yak
 13597 | Lair:2   | Reached skill level 10 in Conjurations
 13606 | Lair:2   | Killed a death yak
 13606 | Lair:2   | Killed a death yak
 13607 | Lair:2   | Reached XP level 12. HP: 97/97 MP: 5/28
 14181 | Lair:3   | Noticed Rupert
 14664 | Lair:3   | Reached skill level 5 in Transmutations
 14901 | Lair:3   | Reached skill level 9 in Shields
 14908 | Lair:3   | Learned a level 6 spell: Starburst
 15045 | Lair:3   | Reached skill level 1 in Fire Magic
 15204 | Lair:3   | Noticed Nergalle
 15328 | Lair:3   | Killed Nergalle
 15561 | Lair:3   | Reached skill level 1 in Earth Magic
 16075 | Lair:3   | Noticed an eight-headed hydra
 16081 | Lair:3   | Killed an eight-headed hydra
 16082 | Lair:3   | Reached XP level 13. HP: 107/107 MP: 26/29
 16697 | Lair:4   | Found a staircase to the Shoals.
 17043 | Lair:4   | Found a staircase to the Snake Pit.
 19160 | Orc:1    | Entered Level 1 of the Orcish Mines
 19851 | Orc:2    | Entered Level 2 of the Orcish Mines
 19897 | Orc:2    | Found Ompaichag's Magic Scroll Shoppe.
 19952 | Orc:2    | Paralysed by an orc sorcerer for 4 turns
 20223 | Orc:2    | Noticed Sonja
 20226 | Orc:2    | Killed Sonja
 20445 | Orc:2    | Found a staircase to the Elven Halls.
 20532 | Orc:2    | Paralysed by an orc sorcerer for 7 turns
 20547 | Orc:2    | Noticed an orc warlord
 20875 | Orc:2    | Killed an orc warlord
 20950 | Orc:2    | Found Feduh's General Store.
 21096 | Orc:2    | Found Uklipn's Antique Weapon Shoppe.
 21191 | Orc:2    | Found Qudghakui's Book Boutique.
 21236 | Orc:2    | Found Xatin's Antique Armour Shoppe.
 21436 | Orc:2    | Reached skill level 10 in Shields
 21760 | Orc:2    | Bought a polished helmet for 361 gold pieces
 21760 | Orc:2    | Identified the +1 helmet "Tieduh" {rPois} (You bought it in
                  | a shop on level 2 of the Orcish Mines)
 21770 | Orc:2    | Bought a pair of runed boots for 285 gold pieces
 21794 | Orc:2    | Bought a book of Armaments for 396 gold pieces
 21798 | Orc:2    | Learned a level 3 spell: Stone Arrow
 23265 | D:12     | Noticed Frances
 23457 | D:12     | Noticed Josephine
 23466 | D:12     | Killed Josephine
 23467 | D:12     | Reached XP level 14. HP: 118/118 MP: 24/31
 23983 | D:13     | Identified the ring "Vifial" {AC+4 Str+7}
 24890 | D:13     | Reached skill level 5 in Fire Magic
 25624 | D:14     | Reached skill level 5 in Earth Magic
 25947 | D:14     | Found a gate to the Vaults.
 26006 | D:14     | Noticed Agnes
 26012 | D:14     | Killed Agnes
 26388 | D:14     | Reached skill level 10 in Dodging
 26672 | D:15     | Entered Level 15 of the Dungeon
 27352 | D:15     | Found a staircase to the Depths.
 27471 | D:15     | Reached skill level 10 in Fighting
 27759 | D:15     | Reached skill level 11 in Shields
 28561 | Snake:1  | Entered Level 1 of the Snake Pit
 29032 | Snake:1  | Found Plog's General Store.
 29034 | Snake:1  | Found Rygim's Specific Store.
 29102 | Snake:1  | Identified the +5 long sword of Success {vorpal, rPois}
 29645 | Snake:1  | Learned a level 6 spell: Statue Form
 29652 | Snake:2  | Reached XP level 15. HP: 125/126 MP: 21/33
 30274 | Snake:2  | Acquired a staff of conjuration
 30299 | Snake:2  | Noticed a nagaraja
 30670 | Snake:2  | Reached skill level 10 in Spellcasting
 30692 | Snake:2  | Killed a nagaraja
 31650 | Snake:4  | Entered Level 4 of the Snake Pit
 31650 | Snake:4  | Noticed a nagaraja
 31672 | Snake:4  | Noticed a nagaraja
 31676 | Snake:4  | Killed a nagaraja
 31918 | Snake:3  | Killed a nagaraja
 32545 | Snake:4  | Reached skill level 12 in Shields
 32670 | Snake:4  | Noticed a nagaraja
 32838 | Snake:4  | Noticed a nagaraja
 32850 | Snake:3  | Killed a nagaraja
 32936 | Snake:4  | Noticed a nagaraja
 32942 | Snake:4  | Killed a nagaraja
 32943 | Snake:4  | Killed a nagaraja
 32958 | Snake:4  | Noticed a nagaraja
 32960 | Snake:4  | Noticed a nagaraja
 32964 | Snake:4  | Noticed a nagaraja
 32971 | Snake:3  | Killed a nagaraja
 32972 | Snake:3  | Reached XP level 16. HP: 137/137 MP: 0/35
 33388 | Snake:3  | Gained mutation: You sometimes lose the ability to read
                  | scrolls when taking damage. [mutagenic glow]
 33721 | Snake:4  | Got a serpentine rune of Zot
 33904 | Snake:4  | Noticed Vashnia
 34115 | Shoals:1 | Entered Level 1 of the Shoals
 34115 | Shoals:1 | Noticed Aizul
 34119 | Shoals:1 | Killed Aizul
 34179 | Shoals:1 | Found Ungirhau's Book Shop.
 35088 | Shoals:4 | Entered Level 4 of the Shoals
 35088 | Shoals:4 | Found a flickering gateway to a bazaar.
 35097 | Bazaar   | Entered a bazaar
 35097 | Bazaar   | Found Inuer's Armour Shop.
 35106 | Bazaar   | Found Astasmaed's Assorted Antiques.
 35115 | Bazaar   | Found Zonialeo's Antique Armour Boutique.
 35123 | Bazaar   | Found Celuli's Jewellery Emporium.
 35157 | Bazaar   | Found Yfoixovi's General Store.
 35165 | Bazaar   | Bought a potion of heal wounds for 60 gold pieces
 35165 | Bazaar   | Bought a scroll of teleportation for 36 gold pieces
 35183 | Bazaar   | Bought a potion of heal wounds for 105 gold pieces
 35183 | Bazaar   | Bought a potion of haste for 210 gold pieces
 35183 | Bazaar   | Bought a condenser vane for 840 gold pieces
 35433 | Shoals:4 | Got a barnacled rune of Zot
 35987 | Vaults:1 | Entered Level 1 of the Vaults
 36485 | Vaults:1 | Reached skill level 13 in Shields
 36533 | Vaults:1 | Shot with an arrow by a centaur warrior

Illustrated notes

Levels and vault maps discovered:
D:1:      minmay_arrival_solitary_statue, layout_basic
D:2:      layout_loops_ring, serial_shops, nicolae_square_shop,
          shapermc_ecumenical_altar_flowoftime, uniq_terence
D:3:      layout_loops_ring, grunt_qazlal_clouds,
          grunt_dithmenos_smoke_and_mirrors, ebering_ghost_disaster_area,
          minmay_checkerbox
D:4:      layout_rooms, serial_shops, shop
D:5:      kennysheep_six_static_rooms, layout_basic, old_standard_altar,
          minmay_temple_entry_poolview, chequers_serial_rivers_large_b,
          minmay_mini_ossuary, uniq_sigmund, uniq_eustachio
D:6:      layout_cave_pools, gammafunk_temple_overflow_elements
D:7:      layout_loops_ring, lemuel_crystal_altar, kennysheep_generic_room_16
D:8:      layout_cave_pools, nemelex_xobeh_ov_fountains_minmay,
          jmf_multi_god_temple2
D:9:      layout_cave_pools, orc_david_3
D:10:     layout_roguey, mainiacjoe_overflow_surrounded_room, marbit_many_paths,
          david_lair_shrubbed, grunt_decor_mini_mirrors, hangedman_glass_teeth,
          uniq_grum
D:11:     layout_basic, grunt_decor_fettered, hive_lemuel
D:12:     layout_irregular_city, uniq_frances, uniq_nessos, uniq_josephine
D:13:     cheibrodos_statue_roulette, layout_layer_cave
D:14:     layout_roguey, grunt_vaults_entry_tiered, uniq_agnes
D:15:     grunt_enter_depths_snipers, layout_gridville, minivault_25,
          nicolae_ashenzari_skybound
Lair:1:   layout_concentric_octagons, infiniplex_staircase_pool, uniq_gastronok
Lair:2:   gammafunk_cloud_chamber, layout_cave_pods, uniq_fannar
Lair:3:   layout_hall_layers, portal_ice_cave_rime, st_stairs_3,
          grunt_megastairs_5, lemuel_fruit_tree, uniq_nergalle, uniq_rupert
Lair:4:   layout_cave_shapes, minmay_shoals_entry_centaurs,
          minmay_snake_entry_guardpost_medium
Lair:5:   layout_cave_pods, lemuel_fruit_fields
Shoals:1: layout_shoals, serial_shops, nicolae_shop_window_shopping, shop,
          nicolae_shop_trees, shop, nicolae_shop_crystal,
          nicolae_shoals_mertower, uniq_aizul
Shoals:2: layout_shoals, nicolae_shoals_nymph_descending_staircase
Shoals:3: layout_shoals, nicolae_shoals_stone_sculpture_thing
Shoals:4: shoals_end_grunt_garden, layout_shoals, shoal_ilsuiw, serial_shops,
          bzr_entry_islet, uniq_polyphemus
Snake:1:  layout_basic, nicolae_specific_store, nicolae_snake_gridmaze_zigzag
Snake:2:  layout_gridlike
Snake:3:  layout_cave_shapes
Snake:4:  snake_hunt, layout_gridlike, grunt_megastairs_3, uniq_vashnia
Orc:1:    layout_caves
Orc:2:    grunt_orc_gardens, layout_caves, grunt_orc_garden, grunt_orc_garden,
          grunt_orc_garden, grunt_orc_garden, serial_shops, nicolae_square_shop,
          uniq_sonja
Vaults:1: nicolae_vaults_halls_meeting, nicolae_vaults_big_ls,
          nicolae_vaults_network_barrier, v_misc_2, v_misc_9,
          grunt_vaults_hallway_long, ontoclasm_vaults_twist, grunt_vaults_swirl,
          v_rooms_2, nicolae_vaults_little_squares_3, grunt_vaults_hallway_long,
          vaults_dpeg_hooks, ontoclasm_vaults_decontamination,
          layout_vaults_ring

Skill      XL: |  1  2  3  4  5  6  7  8  9 10 11 12 13 14 15 16 |
---------------+-------------------------------------------------+-----
Spellcasting   | 2 3 4 5 6 7 8 9 10 | 10.0
Conjurations   | 4 5 6 7 8 9 10 11 12 | 12.5
Translocations | 1 2 3 |  3.0
Shields        | 1 3 5 6 7 8 9 10 11 12 13 | 13.0
Hexes          | 3 |  3.0
Dodging        | 2 4 5 7 8 9 10 11 12 | 12.3
Fighting       | 1 3 5 6 8 9 10 11 12 | 12.2
Transmutations | 1 3 5 7 8 |  8.1
Fire Magic     | 2 4 5 |  5.0
Earth Magic    | 1 4 5 7 8 |  8.2
Stealth        | |  1.7

Action                   |  1- 3 |  4- 6 |  7- 9 | 10-12 | 13-15 | 16-18 || total
-------------------------+-------+-------+-------+-------+-------+-------++-------
Melee: Dagger            |    31 |    27 |       |     5 |    67 |       ||   130
       Fustibalus        |       |       |       |    12 |       |       ||    12
       Staff             |       |       |       |       |     9 |     4 ||    13
       Demon trident     |       |       |       |       |       |    29 ||    29
 Fire: Fustibalus        |       |    68 |    67 |   115 |   130 |       ||   380
 Cast: Magic Dart        |    45 |    26 |    24 |       |       |       ||    95
       Searing Ray       |     6 |    23 |    44 |    38 |    14 |       ||   125
       Iskenderun's Myst |       |     1 |    23 |    70 |    24 |     8 ||   126
       Fulminant Prism   |       |       |    16 |    90 |   305 |    31 ||   442
       Irradiate         |       |       |       |    26 |   122 |    54 ||   202
       Stone Arrow       |       |       |       |       |   111 |    54 ||   165
       Starburst         |       |       |       |       |     1 |       ||     1
       Statue Form       |       |       |       |       |     9 |     9 ||    18
 Abil: End Transformatio |       |       |       |       |     1 |       ||     1
Evoke: Wand              |       |       |       |       |    15 |       ||    15
       Lightning rod     |       |       |       |       |     9 |     3 ||    12
  Use: Scroll            |     4 |       |     7 |    13 |     8 |     4 ||    36
       Potion            |       |       |       |     4 |     2 |     6 ||    12
 Stab: Sleeping          |     2 |     5 |       |       |       |       ||     7
Armor: Robe              |     4 |     9 |    11 |       |       |       ||    24
       Troll leather arm |       |       |    14 |    96 |   126 |    30 ||   266
       Skin              |       |       |       |       |    65 |   133 ||   198
Dodge: Dodged            |    28 |    42 |    52 |   149 |   349 |   187 ||   807
Block: Buckler           |       |       |    19 |    66 |   168 |       ||   253
       Kite shield       |       |       |       |       |     6 |   226 ||   232

Table legend: (Time is in decaauts)
 A = Elapsed time spent in this place.
 B = Non-inter-level travel time spent in this place.
 C = Inter-level travel time spent in this place.
 D = Time resting spent in this place.
 E = Time spent auto-exploring this place.
 F = Levels seen in this place.
 G = Mean time per level.
                   A        B        C        D        E       F      G
               +--------+--------+--------+--------+--------+-----+--------+
         Total |  37401 |  35091 |   2310 |   6291 |  22586 |  32 | 1168.8 |
       Dungeon |  18774 |  17672 |   1102 |   1922 |  13091 |  15 | 1251.6 |
          Lair |   8066 |   7415 |    651 |   1098 |   5240 |   5 | 1613.2 |
        Shoals |   1614 |   1548 |     66 |    585 |    397 |   4 |  403.5 |
     Snake Pit |   5892 |   5612 |    280 |   2196 |   2167 |   4 | 1473.0 |
  Orcish Mines |   2499 |   2290 |    209 |    490 |   1328 |   2 | 1249.5 |
        Vaults |    454 |    454 |      0 |      0 |    300 |   1 |  454.0 |
        Bazaar |     99 |     99 |      0 |      0 |     62 |   1 |   99.0 |
               +--------+--------+--------+--------+--------+-----+--------+

Top non-repeatable levels by time:
 Snake:3: 2531 daAuts
  Lair:2: 2446 daAuts
    D:10: 1925 daAuts
     D:5: 1753 daAuts
    D:13: 1708 daAuts
    D:14: 1573 daAuts
  Lair:1: 1536 daAuts
 Snake:2: 1482 daAuts
  Lair:4: 1458 daAuts
   Orc:2: 1405 daAuts
     D:2: 1404 daAuts
  Lair:3: 1375 daAuts
    D:15: 1342 daAuts
     D:7: 1315 daAuts
     D:3: 1279 daAuts
